3A
MANCELONA TORCH @ MT. VERNON BULLS
07/03/2038
 
TOP OF THE 1ST
Mancelona Torch batting - Pitching for Mt. Vernon Bulls : RHP Francisco Esposo
Pitching: RHP Francisco Esposo
Batting: RHB Thinley Tshering 0-0: Called Strike
0-1: Ground out 6-3 (Groundball, 6, EV 89.4 MPH)
Batting: RHB Juan Barrón 0-0: Called Strike
0-1: Called Strike
0-2: Ball
1-2: Strikes out swinging
Batting: LHB Diego Alejandro Ureña 0-0: Ball
1-0: Ball
2-0: Fly out, F7 (Flyball, 78D, EV 98.1 MPH)
Top of the 1st over - 0 runs, 0 hits, 0 errors, 0 left on base; Mancelona 0 - Mt. Vernon 0
BOTTOM OF THE 1ST
Mt. Vernon Bulls batting - Pitching for Mancelona Torch : RHP Larry Walsh
Pitching: RHP Larry Walsh
Batting: RHB Ned Lyons 0-0: Ground out U3 (Groundball, 3L, EV 97.5 MPH)
Batting: RHB Maema Njongmeta 0-0: Ball
1-0: DOUBLE (Line Drive, 7LM, EV 107.5 MPH)
Batting: LHB Ben Bullock 0-0: Called Strike
0-1: Ball
1-1: Ball
2-1: Called Strike
2-2: Ground out 4-3 (Groundball, 4, EV 86.9 MPH)
Maema Njongmeta to third
Batting: RHB Joe Smith 0-0: Ball
1-0: Called Strike
1-1: Called Strike
1-2: SINGLE (Groundball, 4MD, EV 95.0 MPH)
Maema Njongmeta scores
Batting: RHB Doug Page 0-0: Ball
1-0: Ball
2-0: Ball
3-0: Base on Balls
Joe Smith to second
Batting: RHB Cyrillo Watson 0-0: Fly out, F7 (Flyball, 7LM, EV 101.9 MPH)
Bottom of the 1st over - 1 run, 2 hits, 0 errors, 2 left on base; Mancelona 0 - Mt. Vernon 1
TOP OF THE 2ND
Mancelona Torch batting - Pitching for Mt. Vernon Bulls : RHP Francisco Esposo
Batting: SHB Silvio Capitanio 0-0: Ball
1-0: Ground out 4-3 (Groundball, 4D, EV 101.9 MPH)
Batting: SHB César Enríques 0-0: Ball
1-0: Ground out 1-3 (Groundball, 34S, EV 85.0 MPH)
Batting: LHB Jared Schneider 0-0: Fly out, F8 (Line Drive, 8LD, EV 106.9 MPH)
Top of the 2nd over - 0 runs, 0 hits, 0 errors, 0 left on base; Mancelona 0 - Mt. Vernon 1
BOTTOM OF THE 2ND
Mt. Vernon Bulls batting - Pitching for Mancelona Torch : RHP Larry Walsh
Batting: RHB Mike O'Neill 0-0: Ball
1-0: Called Strike
1-1: Called Strike
1-2: Ball
2-2: Ball
3-2: Foul Ball, location: 2F
3-2: Base on Balls
Batting: RHB José González 0-0: Called Strike
0-1: Ball
1-1: Ball
2-1: Fly out, F7 (Line Drive, 7, EV 91.2 MPH)
Batting: RHB Claudio Corona 0-0: SINGLE (Groundball, 5, EV 106.2 MPH) (infield hit)
Mike O'Neill to second
Batting: RHB Ned Lyons 0-0: Foul Ball, location: 2F
0-1: Called Strike
0-2: Foul Ball, location: 2F
0-2: Fielders Choice at 2nd, 5-4 (Groundball, 5S, EV 93.1 MPH)
Mike O'Neill to third
Batting: RHB Maema Njongmeta 0-0: Ball
1-0: Ball
2-0: Swinging Strike
2-1: Called Strike
2-2: Strikes out swinging
Bottom of the 2nd over - 0 runs, 1 hit, 0 errors, 2 left on base; Mancelona 0 - Mt. Vernon 1
TOP OF THE 3RD
Mancelona Torch batting - Pitching for Mt. Vernon Bulls : RHP Francisco Esposo
Batting: SHB John Blake 0-0: Foul Ball, location: 2F
0-1: Ball
1-1: Swinging Strike
1-2: Foul Ball, location: 2F
1-2: Strikes out swinging
Batting: RHB Feng-yi Wen 0-0: Called Strike
0-1: Called Strike
0-2: Strikes out swinging
Batting: RHB Ángel Castro 0-0: Foul Ball, location: 2F
0-1: Ball
1-1: Foul Ball, location: 2F
1-2: Strikes out looking
Top of the 3rd over - 0 runs, 0 hits, 0 errors, 0 left on base; Mancelona 0 - Mt. Vernon 1
BOTTOM OF THE 3RD
Mt. Vernon Bulls batting - Pitching for Mancelona Torch : RHP Larry Walsh
Batting: LHB Ben Bullock 0-0: Foul Ball, location: 2F
0-1: Ball
1-1: Swinging Strike
1-2: Strikes out swinging
Batting: RHB Joe Smith 0-0: Ball
1-0: Ball
2-0: Called Strike
2-1: Ball
3-1: Swinging Strike
3-2: Strikes out swinging
Batting: RHB Doug Page 0-0: Called Strike
0-1: Ball
1-1: Swinging Strike
1-2: Fly out, F5 (Popup, 56S, EV 75.0 MPH)
Bottom of the 3rd over - 0 runs, 0 hits, 0 errors, 0 left on base; Mancelona 0 - Mt. Vernon 1
TOP OF THE 4TH
Mancelona Torch batting - Pitching for Mt. Vernon Bulls : RHP Francisco Esposo
Batting: RHB Thinley Tshering 0-0: Called Strike
0-1: Swinging Strike
0-2: Strikes out swinging
Batting: RHB Juan Barrón 0-0: Ball
1-0: Foul Ball, location: 2F
1-1: Foul Ball, location: 2F
1-2: Strikes out swinging
Batting: LHB Diego Alejandro Ureña 0-0: Called Strike
0-1: Ball
1-1: Ball
2-1: Fly out, F8 (Line Drive, 78M, EV 94.4 MPH)
Top of the 4th over - 0 runs, 0 hits, 0 errors, 0 left on base; Mancelona 0 - Mt. Vernon 1
BOTTOM OF THE 4TH
Mt. Vernon Bulls batting - Pitching for Mancelona Torch : RHP Larry Walsh
Batting: RHB Cyrillo Watson 0-0: Swinging Strike
0-1: SINGLE (Flyball, 89S, EV 85.6 MPH)
Batting: RHB Mike O'Neill 0-0: Called Strike
0-1: Called Strike
0-2: Ball
1-2: Foul Ball, location: 2F
1-2: Fly out, F6 (Line Drive, 6, EV 67.5 MPH)
Batting: RHB José González 0-0: Called Strike
0-1: Ball
Cyrillo Watson steals 2nd base
1-1: Ground out U3 (Groundball, 3, EV 84.4 MPH)
Cyrillo Watson to third
Batting: RHB Claudio Corona 0-0: Ball
1-0: Called Strike
1-1: Foul Ball, location: 2F
1-2: Ground out 3-1 (Groundball, 34S, EV 81.2 MPH)
Bottom of the 4th over - 0 runs, 1 hit, 0 errors, 1 left on base; Mancelona 0 - Mt. Vernon 1
TOP OF THE 5TH
Mancelona Torch batting - Pitching for Mt. Vernon Bulls : RHP Francisco Esposo
Batting: SHB Silvio Capitanio 0-0: Ball
1-0: Ball
2-0: Ball
3-0: Called Strike
3-1: Called Strike
3-2: Fly out, F7 (Flyball, 7LD, EV 100.0 MPH)
Batting: SHB César Enríques 0-0: Swinging Strike
0-1: Swinging Strike
0-2: Ball
1-2: Ball
2-2: Ball
3-2: Strikes out swinging
Batting: LHB Jared Schneider 0-0: Ball
1-0: Ball
2-0: Ball
3-0: Called Strike
3-1: Called Strike
3-2: Fly out, F9 (Flyball, 9LS, EV 78.1 MPH)
Top of the 5th over - 0 runs, 0 hits, 0 errors, 0 left on base; Mancelona 0 - Mt. Vernon 1
BOTTOM OF THE 5TH
Mt. Vernon Bulls batting - Pitching for Mancelona Torch : RHP Larry Walsh
Batting: RHB Ned Lyons 0-0: Ground out 6-3 (Groundball, 6, EV 89.4 MPH)
Batting: RHB Maema Njongmeta 0-0: Foul Ball, location: 2F
0-1: Fly out, F5 (Popup, 5F, EV 80.0 MPH)
Batting: LHB Ben Bullock 0-0: Ball
1-0: Ball
2-0: Foul Ball, location: 2F
2-1: TRIPLE (Flyball, 89XD, EV 92.5 MPH)
Batting: RHB Joe Smith 0-0: Foul Ball, location: 2F
0-1: Ball
1-1: Ball
2-1: Swinging Strike
2-2: Ground out 5-3 (Groundball, 56, EV 85.6 MPH)
Bottom of the 5th over - 0 runs, 1 hit, 0 errors, 1 left on base; Mancelona 0 - Mt. Vernon 1
TOP OF THE 6TH
Mancelona Torch batting - Pitching for Mt. Vernon Bulls : RHP Francisco Esposo
Batting: SHB John Blake 0-0: Called Strike
0-1: Ground out 5-3 (Groundball, 5, EV 81.9 MPH)
Batting: RHB Feng-yi Wen 0-0: Ball
1-0: Ball
2-0: Ball
3-0: Called Strike
3-1: Base on Balls
Batting: RHB Ángel Castro 0-0: Ball
1-0: Foul Ball, location: 2F
1-1: Called Strike
1-2: Grounds into double play, 6-4-3 (Groundball, 56, EV 111.9 MPH)
Top of the 6th over - 0 runs, 0 hits, 0 errors, 0 left on base; Mancelona 0 - Mt. Vernon 1
BOTTOM OF THE 6TH
Mt. Vernon Bulls batting - Pitching for Mancelona Torch : RHP Larry Walsh
Batting: RHB Doug Page 0-0: Ball
1-0: Ball
2-0: Called Strike
2-1: Ball
3-1: Base on Balls
Batting: RHB Cyrillo Watson 0-0: Ball
1-0: Foul Ball, location: 2F
1-1: Ball
2-1: Foul Ball, location: 2F
2-2: Strikes out swinging
Batting: RHB Mike O'Neill 0-0: Ball
1-0: Ball
2-0: Foul Ball, location: 2F
2-1: Swinging Strike
2-2: Foul Ball, location: 2F
2-2: Strikes out swinging
Pitching: RHP George Kipcak
Batting: RHB José González 0-0: Called Strike
0-1: Ball
1-1: Ball
2-1: Foul Ball, location: 2F
2-2: Strikes out looking
Bottom of the 6th over - 0 runs, 0 hits, 0 errors, 1 left on base; Mancelona 0 - Mt. Vernon 1
TOP OF THE 7TH
Mancelona Torch batting - Pitching for Mt. Vernon Bulls : RHP Francisco Esposo
Batting: RHB Thinley Tshering 0-0: SINGLE (Line Drive, 34, EV 103.1 MPH)
Batting: RHB Juan Barrón 0-0: Called Strike
Thinley Tshering steals 2nd base
0-1: Ground out 4-3 (Groundball, 4M, EV 104.4 MPH)
Thinley Tshering to third
Batting: LHB Diego Alejandro Ureña 0-0: Ball
1-0: Called Strike
1-1: Ball
2-1: Ball
3-1: Called Strike
3-2: Fly out, F8 (Flyball, 8RM, EV 88.8 MPH)
Batting: SHB Silvio Capitanio 0-0: Fly out, F9 (Flyball, 9LSF, EV 88.8 MPH)
Top of the 7th over - 0 runs, 1 hit, 0 errors, 1 left on base; Mancelona 0 - Mt. Vernon 1
BOTTOM OF THE 7TH
Mt. Vernon Bulls batting - Pitching for Mancelona Torch : RHP George Kipcak
Batting: RHB Claudio Corona 0-0: Ball
1-0: Foul Ball, location: 2F
1-1: Foul Ball, location: 2F
1-2: Foul Ball, location: 2F
1-2: Foul Ball, location: 2F
1-2: SINGLE (Groundball, 4MD, EV 95.6 MPH)
Batting: RHB Ned Lyons 0-0: Sac Bunt to 2R - play at first, batter OUT! 2-4
Claudio Corona to second
Batting: RHB Maema Njongmeta 0-0: Called Strike
0-1: Foul Ball, location: 2F
0-2: Foul Ball, location: 2F
0-2: Foul Ball, location: 2F
0-2: Ball
1-2: Foul Ball, location: 2F
1-2: Strikes out swinging
Batting: LHB Ben Bullock 0-0: Ball
1-0: Fly out, F7 (Line Drive, 7D, EV 110.6 MPH)
Bottom of the 7th over - 0 runs, 1 hit, 0 errors, 1 left on base; Mancelona 0 - Mt. Vernon 1
TOP OF THE 8TH
Mancelona Torch batting - Pitching for Mt. Vernon Bulls : RHP Francisco Esposo
Batting: SHB César Enríques 0-0: Ball
1-0: Ball
2-0: Ball
3-0: Base on Balls
Batting: LHB Jared Schneider 0-0: Bunted foul
0-1: Sac Bunt to 3S - play at first, batter OUT! 3-1
César Enríques to second
Batting: SHB John Blake 0-0: Called Strike
0-1: Called Strike
0-2: Ball
1-2: Foul Ball, location: 2F
1-2: Ball
2-2: Foul Ball, location: 2F
2-2: Ball
3-2: Fly out, F8 (Flyball, 8RD, EV 109.4 MPH)
Batting: RHB Feng-yi Wen 0-0: Ball
1-0: Foul Ball, location: 2F
1-1: Ball
2-1: Fly out, F8 (Flyball, 8RXD, EV 98.1 MPH)
Top of the 8th over - 0 runs, 0 hits, 0 errors, 1 left on base; Mancelona 0 - Mt. Vernon 1
BOTTOM OF THE 8TH
Mt. Vernon Bulls batting - Pitching for Mancelona Torch : RHP George Kipcak
Batting: RHB Joe Smith 0-0: SINGLE (Groundball, 56D, EV 108.8 MPH)
Pitching: RHP Fernando Gonzáles
Batting: RHB Doug Page 0-0: Foul Ball, location: 2F
0-1: Ball
1-1: Foul Ball, location: 2F
1-2: Grounds into double play, 6-4-3 (Groundball, 6, EV 94.4 MPH)
Batting: RHB Cyrillo Watson 0-0: Called Strike
0-1: Fly out, F7 (Flyball, 7S, EV 91.9 MPH)
Bottom of the 8th over - 0 runs, 1 hit, 0 errors, 0 left on base; Mancelona 0 - Mt. Vernon 1
TOP OF THE 9TH
Mancelona Torch batting - Pitching for Mt. Vernon Bulls : RHP Francisco Esposo
Pitching: RHP Dave Newman
Now at 1B: Shawn Mullins
Pinch Hitting: RHB Aguostinho Antunes 0-0: Ball
1-0: Ball
2-0: Called Strike
2-1: Ball
3-1: Foul Ball, location: 2F
3-2: Base on Balls
Batting: RHB Thinley Tshering 0-0: Sac Bunt to 5S - play at first, batter OUT! 5-4
Aguostinho Antunes to second
Batting: RHB Juan Barrón 0-0: Ball
1-0: Ball
Wild Pitch!
Aguostinho Antunes to third
2-0: Ball
3-0: Called Strike
3-1: Foul Ball, location: 2F
3-2: Base on Balls
Batting: LHB Diego Alejandro Ureña 0-0: Fly out, F8 (Flyball, 8RM, EV 85.0 MPH)
Runner from 3rd tags up, OUT at HOME! 8-2
Top of the 9th over - 0 runs, 0 hits, 0 errors, 1 left on base; Mancelona 0 - Mt. Vernon 1
Friday, April 17th, 2020 - OOTP Baseball 20.8 Build 74